Map: New Repugnancy LE

Players

liquidthermy (uThermal) - Winner!

  • Race: Terran Terran
  • Spawn Location: 7:00

HeroMarine

  • Race: Terran Terran
  • League: Master
  • Spawn Location: 1:00

Event: 2019 WCS Winter Europe

VOD

Have the link to the VOD?

Description

Time

  • Played on: Feb. 15, 2019, 9:59 a.m.
  • Length: 10:38

All games in this series

Show
View Real Time Build Order
Export as new Build Order

liquidthermy Terran - Winner!

Build Orders: Gas First Reaper Expand 

Get SALT Encoding   

  12  0:01  SCV  
  13  0:13  SCV  
  14  0:17  Supply Depot  
  14  0:25  SCV  
  14  0:27  Refinery  
  15  0:38  SCV  
  16  0:44  Barracks  
  16  0:51  SCV  
  17  1:03  SCV  
  18  1:15  SCV  
  19  1:31  Reaper  
  19  1:32  Orbital Command  
  20  1:45  Command Center  
  20  1:58  Factory  
  20  2:02  SCV  
  20  2:05  Barracks Reactor  
  21  2:14  SCV  
  22  2:19  Supply Depot  
  22  2:22  Refinery  
  22  2:27  SCV  
  23  2:40  SCV  
  23  2:42  Starport  
  24  2:47  Hellion  
  24  2:48  Hellion  
  28  2:52  SCV  
  28  2:53  Barracks Tech Lab  
  29  3:00  Orbital Command  
  29  3:05  SCV  
  30  3:11  Hellion  
  32  3:15  Hellion  
  32  3:17  SCV  
  35  3:26  Raven  
  37  3:27  SCV  
  37  3:29  SCV  
  39  3:37  Refinery  
  39  3:39  SCV  
  40  3:41  SCV, Marine x2  
  40  3:44  Factory Tech Lab  
  40  3:46  Supply Depot  
  43  3:51  SCV  
  43  3:54  SCV  
  45  3:59  Marine  
  46  4:07  Marine  
  46  4:08  SCV x2  
  49  4:10  Siege Tank  
  49  4:11  Supply Depot  
  52  4:18  Supply Depot  
  52  4:19  Marine  
  52  4:20  SCV  
  54  4:32  SCV x2, Raven, Marine  
  54  4:37  Marine  
  60  4:42  Siege Tank  
  60  4:43  Supply Depot  
  60  4:44  SCV x2  
  65  4:50  Marine  
  66  4:55  Command Center  
  66  4:56  SCV  
  66  4:57  SCV  
  68  5:08  SCV, Supply Depot  
  68  5:12  SCV  
  70  5:14  Siege Tank  
  70  5:16  Refinery  
  70  5:21  SCV, Viking  
  74  5:25  Viking  
  77  5:29  SCV  
  78  5:36  SCV  
  78  5:41  SCV  
  78  5:42  Supply Depot  
  80  5:46  Siege Tank  
  81  5:51  SCV, Viking  
  81  5:54  Stimpack, Marine  
  81  5:55  SCV  
  86  6:03  Viking, Engineering Bay x2  
  86  6:04  SCV  
  89  6:07  SCV  
  89  6:08  Orbital Command  
  90  6:18  Siege Tank  
  90  6:22  Viking  
  90  6:24  SCV  
  96  6:26  Marine  
  96  6:29  SCV  
  97  6:33  Viking  
  97  6:36  SCV  
  97  6:38  Terran Infantry Weapons Level 1, Terran Infantry Armor Level 1  
  98  6:41  SCV  
  98  6:42  Orbital Command  
  97  6:48  SCV, Barracks  
  97  6:49  Barracks  
  97  6:52  Siege Tank  
  97  6:53  SCV  
  102  7:00  SCV  
  103  7:05  SCV  
  104  7:08  Viking  
  104  7:10  Barracks x2  
  104  7:12  SCV  
  104  7:14  Viking  
  109  7:38  Barracks Reactor  
  109  7:39  Barracks Reactor  
  109  7:41  Supply Depot  
  109  7:43  Armory  
  109  7:45  SCV x3  
  109  7:46  Siege Tank  
  107  7:57  SCV x3  
  108  8:03  Barracks Reactor x2  
  108  8:04  Viking x2, Marine  
  108  8:05  Combat Shield  
  111  8:09  SCV x3, Refinery  
  114  8:14  Supply Depot  
  114  8:15  Supply Depot  
  114  8:17  Marine x3  
  117  8:24  Refinery  
  117  8:26  Missile Turret  
  117  8:35  SCV x3, Siege Tank, Marine x2  
  117  8:37  Marine x3  
  125  8:41  Marine  
  125  8:44  Marine x2  
  125  8:47  Supply Depot x2  
  127  8:48  Medivac x2  
  127  8:50  Marine  
  127  8:53  Marine  
  133  9:04  Marine x2  
  133  9:06  Marine x2  
  133  9:07  Marine x2  
  129  9:10  Marine x2  
  129  9:11  Marine  
  129  9:18  Medivac  
  129  9:22  Medivac, Marine x2  
  129  9:24  Marine  
  123  9:25  Marine x2  
  123  9:27  SCV  
  123  9:29  SCV, Marine x2  
  123  9:30  Marine  
  110  9:32  Marine  
  111  9:40  Marine  
  111  9:42  Marine  
  111  9:43  Marine  
  114  9:46  Marine x2  
  114  9:48  Medivac  
  84  9:52  Medivac, Marine  
  118  9:53  Marine  
  118  9:54  Command Center  
  118  9:55  Marine  
  118  9:56  Marine  
  118  9:59  Marine  
  125  10:05  Marine  
  126  10:07  Marine x2  
  126  10:11  Marine  
  129  10:14  Marine  
Show
View Real Time Build Order
Export as new Build Order

HeroMarine Terran 

Build Orders:  

Get SALT Encoding   

  12  0:00  SCV  
  13  0:13  SCV  
  14  0:18  Supply Depot  
  14  0:25  SCV  
  15  0:34  Refinery  
  15  0:39  SCV  
  16  0:45  Barracks  
  16  0:51  SCV  
  17  0:57  Refinery  
  17  1:03  SCV  
  18  1:15  SCV  
  19  1:35  Orbital Command  
  19  1:36  Factory  
  19  1:38  Reaper  
  20  1:50  Supply Depot  
  20  2:00  SCV  
  21  2:10  Reaper  
  21  2:12  SCV  
  23  2:22  Hellion  
  25  2:24  SCV  
  26  2:34  Command Center  
  26  2:38  SCV  
  26  2:43  Factory Tech Lab  
  27  2:48  Starport  
  27  2:54  Supply Depot  
  27  2:56  SCV  
  28  2:59  Barracks Tech Lab  
  28  3:08  Cyclone  
  31  3:15  SCV  
  32  3:21  Refinery  
  32  3:26  Barracks Reactor  
  32  3:27  SCV  
  33  3:34  Raven  
  33  3:39  SCV  
  36  3:49  Orbital Command  
  36  3:51  SCV  
  36  3:53  Cyclone  
  40  4:03  Marine x2  
  40  4:04  SCV  
  43  4:15  SCV  
  43  4:16  SCV  
  45  4:19  Raven  
  45  4:21  Marine x2  
  45  4:22  Supply Depot  
  49  4:27  SCV  
  49  4:28  SCV  
  51  4:33  Siege Tank  
  54  4:43  SCV x2, Marine x2  
  54  4:45  Supply Depot  
  58  4:56  SCV x2  
  58  5:05  Siege Tank  
  61  5:08  SCV x2  
  61  5:10  Refinery  
  61  5:11  Supply Depot  
  61  5:12  Viking x2  
  67  5:14  Marine  
  67  5:20  SCV x2, Stimpack  
  70  5:32  SCV x2  
  71  5:37  Marine  
  71  5:40  Siege Tank  
  75  5:44  Command Center  
  77  5:54  Refinery  
  77  5:55  Viking, Engineering Bay  
  77  5:56  Engineering Bay  
  77  6:05  SCV  
  77  6:06  SCV  
  77  6:09  Supply Depot  
  78  6:19  Supply Depot  
  78  6:31  Viking, Supply Depot, SCV x2, Siege Tank, Marine  
  86  6:38  Terran Infantry Weapons Level 1  
  86  6:39  Terran Infantry Armor Level 1  
  86  6:40  Viking  
  88  6:48  Barracks  
  88  6:49  Barracks  
  88  6:51  SCV x2  
  90  6:59  Orbital Command  
  91  7:02  Barracks  
  91  7:03  Barracks  
  91  7:05  Siege Tank  
  91  7:07  Viking  
  95  7:14  SCV x2  
  95  7:15  Viking  
  96  7:25  SCV  
  96  7:26  SCV  
  96  7:29  Marine  
  92  7:32  SCV  
  92  7:36  Liberator  
  92  7:37  SCV  
  92  7:39  SCV  
  92  7:42  Liberator  
  94  7:44  SCV  
  94  7:46  Orbital Command  
  93  8:01  Barracks Reactor  
  93  8:02  Barracks Reactor x2  
  93  8:03  Marine, Barracks Reactor  
  94  8:11  SCV  
  94  8:12  SCV  
  96  8:15  Refinery  
  96  8:16  Refinery  
  96  8:17  Armory, SCV, Refinery  
  97  8:24  SCV x2  
  97  8:25  Supply Depot, Marine  
  100  8:29  SCV  
  101  8:36  SCV x2  
  101  8:41  SCV  
  102  8:43  Marine x7  
  102  8:44  Medivac, Marine x2  
  102  8:46  Medivac  
  102  8:48  SCV x2  
  116  8:53  SCV  
  117  9:00  SCV x2  
  117  9:01  Marine x3  
  119  9:03  Marine x2  
  119  9:04  Marine  
  119  9:05  SCV  
  119  9:07  Marine x3  
  121  9:12  SCV x2  
  121  9:14  Medivac  
  125  9:20  SCV, Marine  
  125  9:26  Marine x4  
  125  9:27  Medivac  
  125  9:28  Siege Tank  
  125  9:29  Marine x2  
  125  9:30  Marine x2  
  116  9:32  SCV x2  
  116  9:33  SCV  
  116  9:38  Marine  
  116  9:44  Marine x4  
  120  9:46  Marine x2  
  120  9:47  Marine  
  120  9:48  Marine  
  124  9:56  Marine  
  125  10:02  Marine  
  125  10:09  Supply Depot  
  125  10:11  Supply Depot  
  125  10:12  Marine  
  125  10:15  Marine x2  
  125  10:16  Marine x4  
  125  10:17  Marine  
  125  10:19  Marine  
  125  10:20  SCV x2  
Tags
 
Add a new tag
Caveats
  • Supply blocks, unpowered buildings, or Contaminate may cause inaccurate times.
  • Supply counts are checked every 10 seconds.